 Dungeon Crawl Stone Soup version 0.30-a0-726-gd89dcf765f (webtiles) character file.

Game seed: 112499164407283612

1121 Shayle the Sneak (level 8, 0/41 (48) HPs)
             Began as a Tengu Brigand on Jan 30, 2023.
             Was an Initiate of Hepliaklqana.
             Slain by a wight
             ... wielding a +3 great sword
              (15 damage)
             ... on level 6 of the Dungeon.
             The game lasted 00:14:38 (5279 turns).

Shayle the Sneak (Tengu Brigand)                    Turns: 5279, Time: 00:14:39

HP:   0/41 (48)     AC: 12    Str: 17    XL:     8   Next: 34%
MP:   13/13         EV: 14    Int: 14    God:    Hepliaklqana [......]
Gold: 214           SH:  0    Dex: 19    Spells: 13/13 levels left

rFire   . . .      SeeInvis .    l - +3 dagger (vamp)
rCold   . . .      Faith    .    (no shield)
rNeg    . . .      Spirit   .    u - +0 ring mail
rPois   .          Reflect  .    (helmet restricted)
rElec   .          Harm     .    c - +2 cloak
rCorr   .          Rampage  .    v - +2 pair of gloves {Dex+3}
Will    .....                    (boots unavailable)
Stlth   +++                      (no amulet)
HPRegen 0.26/turn                C - +6 ring of strength
MPRegen 0.13/turn                (no ring)

@: flying quickly and evasively, heavily drained, quick
A: beak, talons 3, nimble flight
a: Renounce Religion


You were on level 6 of the Dungeon.
You worshipped Hepliaklqana.
Hepliaklqana was noncommittal.
You visited 2 branches of the dungeon, and saw 7 of its levels.

You collected 214 gold pieces.

Inventory:

Hand Weapons
 a - a +2 dagger of electrocution
 l - a +3 vampiric dagger (weapon)
Missiles
 d - 20 poisoned darts (quivered)
 n - 2 throwing nets
Armour
 b - a +0 robe
 c - a +2 cloak (worn)
 u - a +0 ring mail (worn)
 v - a +2 pair of gloves of dexterity (worn)
Jewellery
 i - an amulet of faith
 q - a ring of ice
 C - a +6 ring of strength (left hand)
Wands
 w - a wand of polymorph (3)
 x - a wand of digging (5)
Scrolls
 f - 3 scrolls of torment
 g - a scroll of vulnerability
 h - 3 scrolls of teleportation
 k - 2 scrolls of fog
 y - a scroll of immolation
Potions
 j - 2 potions of attraction
 m - a potion of brilliance
 o - 2 potions of curing
 r - a potion of flight
 s - a potion of invisibility {unknown}
 t - a potion of haste {unknown}
 A - a potion of heal wounds
 B - a potion of ambrosia {unknown}
 D - a potion of magic {unknown}


   Skills:
 + Level 4.5 Fighting
 - Level 2.1 Short Blades
 - Level 2.0 Throwing
 + Level 3.3 Armour
 - Level 2.6 Dodging
 + Level 5.9 Stealth
 + Level 3.0 Spellcasting
 + Level 4.6 Conjurations
 + Level 4.5 Air Magic
 + Level 0.4 Invocations


You had 13 spell levels left.
You didn't know any spells.
Your spell library contained the following spells:

 Spells                   Type           Power      Damage    Failure   Level
 Magic Dart               Conj           60%        1d6       5%          1
 Foxfire                  Conj/Fire      32%        2x1d5     14%         1
 Mephitic Cloud           Conj/Pois/Air  10%        N/A       32%         3
 Vhi's Electric Charge    Tloc/Air       16%        N/A       41%         3
 Call Imp                 Summ           2%         N/A       50%         2
 Arcjolt                  Conj/Air       7%         1d17      85%         5
 Fireball                 Conj/Fire      4%         3d4       99%         5
 Starburst                Conj/Fire      4%         6d3       100%        6
 Maxwell's Capacitive Co  Air            7%         ∞         100%        8


Dungeon Overview and Level Annotations

Branches:
Dungeon (6/15)             Temple (1/1) D:5

Altars:
Ashenzari
Cheibriados
Dithmenos
Elyvilon
Fedhas
Hepliaklqana
Makhleb
Nemelex Xobeh
Okawaru
Qazlal
Ru
Sif Muna
Trog
Uskayaw
Wu Jian
Xom
Yredelemnul
The Shining One


Innate Abilities, Weirdness & Mutations

You have a beak for a mouth.
You have claws for feet.
Your magical nature lets you fly swiftly and evasively.


Message History

Your life force feels restored.
You hit the wight but do no damage. You claw the wight.
The wight is lightly damaged.
The wight hits you with a +3 great sword.
You feel drained.
You hit the wight but do no damage. You claw the wight.
You peck the wight, but do no damage.
The wight is moderately damaged.
The wight hits you with a +3 great sword!
You feel drained.
You hit the wight but do no damage. Your kick misses the wight.
The wight is moderately damaged.
The wight barely misses you.
You hit the wight but do no damage.
The wight is moderately damaged.
The wight hits you with a +3 great sword!
You feel drained.
Aiming: Polymorph
Press: ? - help, Shift-Dir - straight line, f - wight
Aim: a wight, wielding a +3 great sword and wearing a +0 robe (moderately damaged, not susceptible)
Okay, then.
You feel much better.
The wight hits you with a +3 great sword!
You feel drained.
You hit the wight. Your kick misses the wight.
The wight is moderately damaged.
The wight hits you with a +3 great sword.
You closely miss the wight. Your kick misses the wight. You peck the wight.
The wight is severely damaged.
The wight hits you with a +3 great sword!
You hit the wight but do no damage. Your kick misses the wight.
Your peck misses the wight.
The wight is heavily damaged.
The wight closely misses you.
You hit the wight but do no damage. You peck the wight, but do no damage.
The wight is heavily damaged.
You hit the wight but do no damage. You claw the wight, but do no damage.
The wight is heavily damaged.
The wight hits you with a +3 great sword!
You die...

##### #.?.## ##. #....#
########+#.#. #....#
#............ #(.z)#
#..........#
#.)@.###..........#
#.................#.
#.................).
#.....#..........###
#.....#.#...#.#...[.
#...###...#.#.###### #####
#.#...........
#####################.######
#...................#.#


You could see a wight.

Vanquished Creatures
  A steam dragon (D:6)
  2 ogres (D:4)
  A phantom (D:4)
  Blork the orc (D:5)
  2 wights (D:6)
  A howler monkey (D:4)
  3 hounds (D:5)
  A jelly (D:5)
  An orc priest (D:3)
  A gnoll bouda (D:5)
  3 iguanas
  3 orc wizards
  Robin (D:1)
  3 gnolls (D:5)
  6 adders
  2 shadow imps (D:6)
  A worm (D:2)
  A dart slug (D:4)
  10 orcs
  11 bats
  6 endoplasms
  3 giant cockroaches
  21 goblins
  8 hobgoblins
  10 kobolds
  5 quokkas
  6 ball pythons
  2 frilled lizards (D:3)
  3 rats
119 creatures vanquished.

Vanquished Creatures (others)
  A fungus (D:1)
  8 plants (D:4)
9 creatures vanquished.

Grand Total: 128 creatures vanquished

Notes
Turn   | Place    | Note
-------+----------+-------------------------------------------
     0 | D:1      | Shayle the Tengu Brigand began the quest for the Orb.
     0 | D:1      | Reached XP level 1. HP: 12/12 MP: 2/2
   140 | D:1      | Reached XP level 2. HP: 17/17 MP: 3/3
   374 | D:1      | Found a faded altar of an unknown god.
   521 | D:1      | Reached XP level 3. HP: 19/22 MP: 4/4
   700 | D:2      | Noticed Robin
   890 | D:1      | Killed Robin
  1014 | D:2      | Reached skill level 1 in Air Magic
  1088 | D:2      | Reached XP level 4. HP: 27/27 MP: 5/5
  1204 | D:2      | Reached skill level 1 in Conjurations
  2060 | D:3      | Reached skill level 1 in Spellcasting
  2060 | D:3      | Gained mutation: Your magical nature lets you fly swiftly
                  | and evasively. [Tengu growth]
  2060 | D:3      | Reached XP level 5. HP: 32/32 MP: 7/7
  2739 | D:4      | Found a stormy altar of Qazlal.
  2888 | D:4      | Noticed an ogre
  2909 | D:4      | Killed an ogre
  2910 | D:4      | Reached skill level 1 in Armour
  2910 | D:4      | Reached XP level 6. HP: 23/37 MP: 7/9
  3156 | D:4      | Reached skill level 5 in Stealth
  3392 | D:4      | Reached XP level 7. HP: 31/42 MP: 9/11
  3818 | D:5      | Entered Level 5 of the Dungeon
  3832 | D:5      | You are sucked into a shaft and drop 1 floor!
  3844 | D:5      | Noticed Blork the orc
  3854 | D:5      | Killed Blork the orc
  3891 | D:5      | Found a staircase to the Ecumenical Temple.
  3899 | Temple   | Entered the Ecumenical Temple
  5042 | D:6      | Noticed a steam dragon
  5053 | D:6      | Killed a steam dragon
  5054 | D:6      | Reached XP level 8. HP: 48/48 MP: 11/13
  5107 | D:6      | Found a hazy altar of Hepliaklqana.
  5166 | D:6      | Became a worshipper of Hepliaklqana the Forgotten
  5257 | D:6      | Found a bloodstained altar of Trog.
  5279 | D:6      | Slain by a wight

Illustrated notes

Levels and vault maps discovered:
D:1:      dpeg_arrival_simpleton_c, layout_basic,
          shapermc_ecumenical_altar_mp_urbaneastern
D:2:      minmay_razor_zed, layout_basic, hangedman_abyss_or_decor_lesser_grid,
          amethyst_killhole, uniq_robin
D:3:      layout_basic, minmay_strange_pillars, hangedman_decor_opposing
D:4:      layout_loops_corners, mainiacjoe_overflow_boulevard
D:5:      layout_layer_cave, minmay_temple_entry_slanted, grunt_decor_clamped,
          uniq_blork_the_orc
D:6:      layout_basic, bloody_trog, nzn_hepliaklqana_mist_gate
Temple:   regret_index_temple_waves

Skill      XL: |  1  2  3  4  5  6  7  8 |
---------------+-------------------------+-----
Dodging        | 2 |  2.6
Air Magic      | 1 2 3 4 |  4.5
Conjurations   | 1 2 3 4 |  4.6
Fighting       | 3 4 |  4.5
Spellcasting   | 1 2 3 |  3.0
Armour         | 1 3 |  3.3
Stealth        | 5 |  5.9
Short Blades   | |  2.1
Throwing       | |  2.0
Invocations    | |  0.4

Action                     |  1- 3 |  4- 6 |  7- 9 || total
---------------------------+-------+-------+-------++-------
  Melee: Dagger            |    85 |    91 |   136 ||   312
         Peck              |     8 |    17 |    25 ||    50
         Kick              |    14 |    15 |    47 ||    76
         Punch             |     2 |     1 |     2 ||     5
  Throw: Dart              |     1 |     8 |     7 ||    16
  Evoke: Wand              |       |       |     1 ||     1
    Use: Potion            |     2 |       |     1 ||     3
         Scroll            |       |    13 |     6 ||    19
   Stab: Sleeping          |     6 |    13 |     2 ||    21
 Armour: Robe              |    24 |    21 |       ||    45
         Ring mail         |       |     1 |    29 ||    30
  Dodge: Dodged            |    58 |    56 |    64 ||   178

Table legend: (Time is in decaauts)
 A = Elapsed time spent in this place.
 B = Non-inter-level travel time spent in this place.
 C = Inter-level travel time spent in this place.
 D = Time resting spent in this place.
 E = Time spent auto-exploring this place.
 F = Levels seen in this place.
 G = Mean time per level.
                   A        B        C        D        E       F      G
               +--------+--------+--------+--------+--------+-----+--------+
         Total |   4995 |   4768 |    227 |    294 |   3147 |   7 |  713.6 |
       Dungeon |   4892 |   4682 |    210 |    294 |   3071 |   6 |  815.3 |
        Temple |    103 |     86 |     17 |      0 |     75 |   1 |  103.0 |
               +--------+--------+--------+--------+--------+-----+--------+

Top non-repeatable levels by time:
     D:2: 1124 daAuts
     D:4: 982 daAuts
     D:5: 937 daAuts
     D:1: 811 daAuts
     D:3: 742 daAuts
     D:6: 292 daAuts
  Temple: 103 daAuts
